AoeStats
← MonoLink

Arabia

510430686Analyzed
1v1 RM · 2d ago on Oct 1, 2026· 48m 0s· 2 players
Game mode
Random Map
Map size
Tiny (2 player)
Population
200
Speed
Normal
Resources
Standard
Victory
Conquest
Starting age
Dark Age
Ending age
Imperial Age
RankedLock teamsTeams togetherTeam positionsShared explorationLock speedFull tech treeHidden civsTurbo modeCheats
Victory
Defeat
🇲🇽 Franks · Mexico
1604
+15
🇪🇸 Wei · Spain
1587
-15
Borya
6:13 Loom
9:04 Feudal Age
10:20 Double-Bit Axe
13:01 Horse Collar
17:14 Gold Mining
20:46 Castle Age
20:16 Bloodlines
20:01 Fletching
20:27 Padded Archer Armor
20:47 Elite Skirmisher
21:50 Bodkin Arrow
22:40 Bow Saw
23:41 Wheelbarrow
23:50 Leather Archer Armor
24:29 Husbandry
24:42 Town Watch
25:02 Heavy Plow
25:37 Gold Shaft Mining
26:48 Thumb Ring
28:47 Stone Mining
30:43 Ballistics
35:42 Hand Cart
40:28 Imperial Age
38:13 Scale Barding Armor
38:56 Forging
39:28 Chain Barding Armor
39:45 Light Cavalry
41:40 Iron Casting
42:13 Bracer
41:44 Pikeman
42:55 Scale Mail Armor
44:01 Chemistry
43:23 Squires
43:58 Chain Mail Armor
44:25 Parthian Tactics
44:47 Ring Archer Armor
44:39 Halberdier
46:46 Blast Furnace
46:09 Hussar
MonoLink
6:36 Loom
9:09 Feudal Age
10:06 Double-Bit Axe
17:34 Wheelbarrow
20:36 Castle Age
19:09 Gold Mining
19:17 Fletching
21:15 Bodkin Arrow
21:21 Husbandry
21:59 Bow Saw
22:52 Ballistics
24:04 Padded Archer Armor
23:54 Town Watch
25:30 Scale Barding Armor
27:34 Elite Skirmisher
28:31 Leather Archer Armor
30:15 Stone Mining
37:05 Imperial Age
35:48 Chain Barding Armor
37:32 Forging
38:08 Conscription
37:43 Cavalier
39:16 Iron Casting
39:47 Chemistry
41:27 Plate Barding Armor
43:22 Iron Casting
44:19 Paladin
Connection lost

Rejoining the realm…

Still unreachable

The connection could not be restored.

Session expired

The server has moved on; the page needs a fresh start.